 Dungeon Crawl Stone Soup version 0.21.1-1-g345015f (webtiles) character file.

1411 tidbits the Chiller (level 8, 0/58 HPs)
             Began as a Gnoll Ice Elementalist on Mar 24, 2018.
             Slain by an ice beast (4 damage)
             ... on level 9 of the Dungeon.
             The game lasted 00:17:44 (2037 turns).

tidbits the Chiller (Gnoll Ice Elementalist)        Turns: 2037, Time: 00:17:44

Health: 0/58       AC:  2    Str:  7 (10) XL:     8   Next: 70%
Magic:  10/17      EV: 15    Int: 17 (19) God:
Gold:   311        SH:  0    Dex: 15 (17) Spells: 6/19 levels left

rFire    . . .     SeeInvis .   a - +7 rapier (venom)
rCold    . . .     Gourm    .   (no shield)
rNeg     . . .     Faith    .   e - +0 robe
rPois    +         Spirit   .   (no helmet)
rElec    .         Reflect  .   (no cloak)
rCorr    .         Harm     .   (no gloves)
MR       .....                  (no boots)
Stlth    +++.......             (no amulet)
HPRegen  0.19/turn              P - ring of poison resistance
MPRegen  0.15/turn              (no ring)

@: no status effects
A: distributed training, fangs 1, strong nose
a: no special abilities


You were on level 9 of the Dungeon.
You were not hungry.

You visited 2 branches of the dungeon, and saw 10 of its levels.

You collected 311 gold pieces.

Inventory:

Hand Weapons
 a - a +7 rapier of venom (weapon)
   (You took it off Eustachio on level 5 of the Dungeon)
 b - a +0 mace of protection
   (You found it on level 1 of the Dungeon)
 m - a +0 flail
 q - a +0 battleaxe
 u - a +2 whip of venom
   (You took it off an orc on level 4 of the Dungeon)
 B - a +0 dagger
Missiles
 d - 49 arrows
 f - 23 stones
 i - 4 javelins
 x - 8 tomahawks (quivered)
Armour
 e - a +0 robe (worn)
 g - a +0 leather armour of magic resistance
   (You took it off an orc on level 7 of the Dungeon)
 y - a +0 buckler
Jewellery
 P - a ring of poison resistance (left hand)
   (You found it on level 4 of the Dungeon)
Wands
 A - a wand of flame (12)
Scrolls
 h - 2 scrolls of remove curse
 l - 4 scrolls of teleportation
 t - 2 scrolls of identify {unknown}
 z - 2 scrolls of blinking {unknown}
 C - a scroll of amnesia {unknown}
Potions
 j - a potion of might
 o - 3 potions of lignification
 p - a potion of berserk rage {unknown}
 s - a potion of curing
 v - a potion of invisibility {unknown}
 w - a potion of flight {unknown}
Books
 k - a book of Frost

   Spells                             Type                      Level
   a - Freeze                         Ice                          1
   b - Throw Frost                    Conjuration/Ice              2
   c - Ozocubu's Armour               Charms/Ice                   3
   d - Throw Icicle                   Conjuration/Ice              4
   e - Summon Ice Beast               Ice/Summoning                4
 r - a book of Minor Magic
   (You found it on level 5 of the Dungeon)

   Spells                             Type                      Level
   a - Magic Dart                     Conjuration                  1
   b - Blink                          Translocation                2
   c - Call Imp                       Summoning                    2
   d - Slow                           Hexes                        2
   e - Conjure Flame                  Conjuration/Fire             3
   f - Mephitic Cloud                 Conjuration/Poison/Air       3
Comestibles
 c - 11 rations


   Skills:
 + Level 3.4 Fighting
 + Level 3.4 Short Blades
 + Level 3.4 Long Blades
 + Level 3.4 Axes
 + Level 3.4 Maces & Flails
 + Level 3.4 Polearms
 + Level 3.4 Staves
 + Level 3.4 Slings
 + Level 3.4 Bows
 + Level 3.4 Crossbows
 + Level 3.4 Throwing
 + Level 3.4 Armour
 + Level 5.8 Dodging
 + Level 5.4 Stealth
 + Level 3.4 Shields
 + Level 3.4 Unarmed Combat
 + Level 6.1 Spellcasting
 + Level 3.6 Conjurations
 + Level 2.8 Hexes
 + Level 2.8 Charms
 + Level 2.8 Summonings
 + Level 2.8 Necromancy
 + Level 2.8 Translocations
 + Level 2.8 Transmutations
 + Level 2.8 Fire Magic
 + Level 6.2 Ice Magic
 + Level 2.8 Air Magic
 + Level 2.8 Earth Magic
 + Level 2.8 Poison Magic
 + Level 3.8 Invocations
 + Level 3.4 Evocations


You had 6 spell levels left.
You knew the following spells:

 Your Spells              Type           Power        Failure   Level  Hunger
a - Freeze                Ice            ####         1%          1    None
i - Throw Icicle          Conj/Ice       ###.....     17%         4    ####...
j - Throw Frost           Conj/Ice       ###...       2%          2    None
m - Mephitic Cloud        Conj/Pois/Air  ###.....     11%         3    ##.....
o - Ozocubu's Armour      Chrm/Ice       ###.....     6%          3    ##.....


Dungeon Overview and Level Annotations

Branches:
Dungeon (9/15)             Temple (1/1) D:6
   Lair: D:8-11         Orc: D:9-12

Altars:
Dithmenos
Elyvilon
Fedhas
Gozag
Makhleb
Nemelex Xobeh
Okawaru
Qazlal
Ru
Sif Muna
Trog
Uskayaw
Yredelemnul
Zin
The Shining One

Annotations:
D:2 Natasha
D:3 Grinder; vatarom's ghost, amateur DrCj
D:9 Joseph


Innate Abilities, Weirdness & Mutations

Your experience applies equally to all skills.
You have very sharp teeth.
Your uncanny sense of smell can sniff out nearby items.


Message History

You hit the hound.
The hound is moderately wounded.
Joseph shouts!
The hound misses you. The hound bites you but does no damage.
You hit the hound.
The hound is poisoned.
The hound is moderately wounded.
The hound misses you.
You hit the hound.
The hound looks as sick as possible!
Your bite misses the hound.
The hound is heavily wounded.
The hound bites you. x2
You barely miss the hound. Your bite misses the hound.
The hound is severely wounded.
The hound misses you.
You hit the hound.
You kill the hound!
Casting: Mephitic Cloud
Confirm with . or Enter, or press ? or * to list all spells.
Aiming: Mephitic Cloud
Press: ? - help, Shift-Dir - straight line, f - water moccasin zombie
Aim: a water moccasin zombie The ball explodes into a vile cloud!
The stinking cloud engulfs the water moccasin zombie.
The water moccasin zombie appears unharmed.
The stinking cloud engulfs you!
The stinking cloud engulfs Joseph.
The water moccasin zombie bites you.
Joseph is engulfed in noxious fumes.
Joseph appears confused.
Unknown command.
You puncture the water moccasin zombie!
The water moccasin zombie is lightly damaged.
The water moccasin zombie barely misses you.
The water moccasin zombie closely misses you.
You puncture the water moccasin zombie!
Your bite misses the water moccasin zombie.
The water moccasin zombie is moderately damaged.
The water moccasin zombie closely misses you.
You barely miss the water moccasin zombie.
The water moccasin zombie is moderately damaged.
The water moccasin zombie closely misses you.
An ice beast comes into view.
You puncture the water moccasin zombie!
The water moccasin zombie is heavily damaged.
The water moccasin zombie closely misses you.
Joseph chortles and stares into space.
Joseph hits himself but does no damage.
The water moccasin zombie bites you.
You hit the water moccasin zombie.
The water moccasin zombie is severely damaged.
The water moccasin zombie bites you.
You puncture the water moccasin zombie!
The water moccasin zombie is almost destroyed.
The water moccasin zombie barely misses you.
You puncture the water moccasin zombie!
You destroy the water moccasin zombie!
Joseph seems less confused.
Joseph unwields an uncursed quarterstaff.
Joseph wields a glowing hunting sling.
It bursts into flame!
Joseph shoots a sling bullet.
The sling bullet hits you!
* * * LOW HITPOINT WARNING * * *
The sling bullet burns you.
* * * LOW HITPOINT WARNING * * *
Unknown command.
Casting: Mephitic Cloud
Confirm with . or Enter, or press ? or * to list all spells.
Aiming: Mephitic Cloud
Press: ? - help, Shift-Dir - straight line, f - Joseph
Aim: Joseph, wielding a hunting sling of flaming and wearing a ring mail (lightly wounded)
The ball explodes into a vile cloud!
The stinking cloud engulfs the ice beast.
The ice beast appears unharmed.
The stinking cloud engulfs Joseph.
Joseph is lightly wounded.
Unknown command.
You hit the ice beast.
You bite the ice beast, but do no damage.
The ice beast is moderately wounded.
The ice beast closely misses you.
Casting: Mephitic Cloud
Confirm with . or Enter, or press ? or * to list all spells.
Aiming: Mephitic Cloud
Press: ? - help, Shift-Dir - straight line, f/p - Joseph
Aim: Joseph, wielding a hunting sling of flaming and wearing a ring mail (lightly wounded)
The ball explodes into a vile cloud!
The stinking cloud engulfs the ice beast.
The ice beast appears unharmed.
The ice beast is moderately wounded.
The stinking cloud engulfs you!
The stinking cloud engulfs Joseph.
Joseph is lightly wounded.
The ice beast hits you.
* * * LOW HITPOINT WARNING * * *
The ice beast freezes you!
* * * LOW HITPOINT WARNING * * *
You feel better. The ice beast hits you.
* * * LOW HITPOINT WARNING * * *
The ice beast freezes you!
* * * LOW HITPOINT WARNING * * *
Unknown command.
It was a potion of degeneration.
There was something very wrong with that liquid.
You feel weakened.
You feel dopey.
You feel clumsy. The ice beast hits you.
You die...

########## ..
#........# ....
+........##.....
#....†..@Y@.....
#.......§#......
######'### .....
#.# .... #.# +##
##.# #..#
########.####
#...........###


You could see Joseph and an ice beast.

Vanquished Creatures
  Sigmund (D:6)
  Eustachio (D:5)
  A sky beast (D:5)
  2 orc warriors
  2 phantoms
  2 bullfrogs
  A water moccasin zombie (D:9)
  A crimson imp (D:5)
  2 hounds
  2 jellies
  An orc priest (D:6)
  A centaur skeleton (D:6)
  3 orc wizards
  2 worker ants
  4 adders
  A shadow imp (D:6)
  2 oozes
  An adder zombie (D:7)
  3 worms
  A dart slug (D:2)
  7 leopard geckos
  16 orcs
  3 ball pythons
  3 giant cockroaches
  3 goblins
  4 hobgoblins
  6 jackals
  A kobold (D:3)
  2 quokkas
  7 bats
  A frilled lizard (D:1)
  A leopard gecko skeleton (D:6)
  A rat (D:1)
89 creatures vanquished.

Notes
Turn   | Place    | Note
-------+----------+-------------------------------------------
     0 | D:1      | tidbits the Gnoll Ice Elementalist began the quest for the Orb.
     0 | D:1      | Reached XP level 1. HP: 13/13 MP: 6/6
   107 | D:2      | Reached skill level 2 in Conjurations
   107 | D:2      | Reached XP level 2. HP: 14/20 MP: 3/7
   224 | D:1      | Reached XP level 3. HP: 16/25 MP: 2/9
   228 | D:1      | Learned a level 2 spell: Throw Frost
   232 | D:1      | Learned a level 3 spell: Ozocubu's Armour
   252 | D:1      | Reached skill level 5 in Spellcasting
   313 | D:2      | Reached skill level 1 in Invocations
   355 | D:1      | Reached skill level 1 in Fighting
   355 | D:1      | Reached skill level 1 in Short Blades
   355 | D:1      | Reached skill level 1 in Long Blades
   355 | D:1      | Reached skill level 1 in Axes
   355 | D:1      | Reached skill level 1 in Maces & Flails
   355 | D:1      | Reached skill level 1 in Polearms
   355 | D:1      | Reached skill level 1 in Staves
   355 | D:1      | Reached skill level 1 in Slings
   355 | D:1      | Reached skill level 1 in Bows
   355 | D:1      | Reached skill level 1 in Crossbows
   355 | D:1      | Reached skill level 1 in Throwing
   355 | D:1      | Reached skill level 1 in Armour
   355 | D:1      | Reached skill level 1 in Shields
   355 | D:1      | Reached skill level 1 in Unarmed Combat
   355 | D:1      | Reached skill level 1 in Evocations
   396 | D:2      | Reached XP level 4. HP: 26/32 MP: 0/11
   402 | D:2      | Learned a level 4 spell: Throw Icicle
   445 | D:2      | Noticed Natasha
   587 | D:3      | Noticed Grinder
   702 | D:4      | Noticed a phantom
   716 | D:4      | Killed a phantom
   716 | D:4      | Reached skill level 1 in Hexes
   716 | D:4      | Reached skill level 1 in Charms
   716 | D:4      | Reached skill level 1 in Summonings
   716 | D:4      | Reached skill level 1 in Necromancy
   716 | D:4      | Reached skill level 1 in Translocations
   716 | D:4      | Reached skill level 1 in Transmutations
   716 | D:4      | Reached skill level 1 in Fire Magic
   716 | D:4      | Reached skill level 1 in Air Magic
   716 | D:4      | Reached skill level 1 in Earth Magic
   716 | D:4      | Reached skill level 1 in Poison Magic
   716 | D:4      | Reached XP level 5. HP: 28/37 MP: 0/12
   739 | D:4      | Found a sacrificial altar of Ru.
   786 | D:5      | Entered Level 5 of the Dungeon
   822 | D:5      | Reached skill level 2 in Invocations
   822 | D:5      | Reached XP level 6. HP: 41/44 MP: 8/13
   827 | D:5      | Learned a level 3 spell: Mephitic Cloud
   844 | D:5      | Noticed a phantom
   868 | D:5      | Killed a phantom
   868 | D:5      | Reached skill level 2 in Fighting
   868 | D:5      | Reached skill level 2 in Short Blades
   868 | D:5      | Reached skill level 2 in Long Blades
   868 | D:5      | Reached skill level 2 in Axes
   868 | D:5      | Reached skill level 2 in Maces & Flails
   868 | D:5      | Reached skill level 2 in Polearms
   868 | D:5      | Reached skill level 2 in Staves
   868 | D:5      | Reached skill level 2 in Slings
   868 | D:5      | Reached skill level 2 in Bows
   868 | D:5      | Reached skill level 2 in Crossbows
   868 | D:5      | Reached skill level 2 in Throwing
   868 | D:5      | Reached skill level 2 in Armour
   868 | D:5      | Reached skill level 5 in Dodging
   868 | D:5      | Reached skill level 2 in Shields
   868 | D:5      | Reached skill level 2 in Unarmed Combat
   868 | D:5      | Reached skill level 2 in Evocations
   892 | D:5      | Noticed Eustachio
  1120 | D:3      | Noticed vatarom's ghost (amateur DrCj)
  1195 | D:5      | Killed Eustachio
  1195 | D:5      | Reached XP level 7. HP: 36/50 MP: 8/15
  1252 | D:5      | HP: 3/50 [sky beast (6)]
  1324 | D:4      | Found a basalt altar of Yredelemnul.
  1461 | D:6      | Reached skill level 2 in Hexes
  1461 | D:6      | Reached skill level 2 in Charms
  1461 | D:6      | Reached skill level 2 in Summonings
  1461 | D:6      | Reached skill level 2 in Necromancy
  1461 | D:6      | Reached skill level 2 in Translocations
  1461 | D:6      | Reached skill level 2 in Transmutations
  1461 | D:6      | Reached skill level 2 in Fire Magic
  1461 | D:6      | Reached skill level 2 in Air Magic
  1461 | D:6      | Reached skill level 2 in Earth Magic
  1461 | D:6      | Reached skill level 2 in Poison Magic
  1521 | D:6      | Reached skill level 3 in Conjurations
  1541 | D:7      | Reached skill level 5 in Stealth
  1623 | D:6      | Found a staircase to the Ecumenical Temple.
  1632 | Temple   | Entered the Ecumenical Temple
  1706 | D:6      | Noticed Sigmund
  1713 | D:6      | Killed Sigmund
  1713 | D:6      | Reached skill level 6 in Ice Magic
  1713 | D:6      | Reached skill level 3 in Invocations
  1713 | D:6      | Reached XP level 8. HP: 49/57 MP: 8/16
  1782 | D:6      | Reached skill level 3 in Fighting
  1782 | D:6      | Reached skill level 3 in Short Blades
  1782 | D:6      | Reached skill level 3 in Long Blades
  1782 | D:6      | Reached skill level 3 in Axes
  1782 | D:6      | Reached skill level 3 in Maces & Flails
  1782 | D:6      | Reached skill level 3 in Polearms
  1782 | D:6      | Reached skill level 3 in Staves
  1782 | D:6      | Reached skill level 3 in Slings
  1782 | D:6      | Reached skill level 3 in Bows
  1782 | D:6      | Reached skill level 3 in Crossbows
  1782 | D:6      | Reached skill level 3 in Throwing
  1782 | D:6      | Reached skill level 3 in Armour
  1782 | D:6      | Reached skill level 3 in Shields
  1782 | D:6      | Reached skill level 3 in Unarmed Combat
  1782 | D:6      | Reached skill level 3 in Evocations
  1897 | D:7      | Reached skill level 6 in Spellcasting
  2018 | D:9      | Noticed Joseph
  2036 | D:9      | HP: 4/58 [ice beast (9)]
  2037 | D:9      | Slain by an ice beast

Skill      XL: |  1  2  3  4  5  6  7  8 |
---------------+-------------------------+-----
Conjurations   | 2 3 |  3.6
Spellcasting   | 5 6 |  6.1
Invocations    | 1 2 3 |  3.8
Fighting       | 1 2 3 |  3.4
Short Blades   | 1 2 3 |  3.4
Long Blades    | 1 2 3 |  3.4
Axes           | 1 2 3 |  3.4
Maces & Flails | 1 2 3 |  3.4
Polearms       | 1 2 3 |  3.4
Staves         | 1 2 3 |  3.4
Slings         | 1 2 3 |  3.4
Bows           | 1 2 3 |  3.4
Crossbows      | 1 2 3 |  3.4
Throwing       | 1 2 3 |  3.4
Armour         | 1 2 3 |  3.4
Shields        | 1 2 3 |  3.4
Unarmed Combat | 1 2 3 |  3.4
Evocations     | 1 2 3 |  3.4
Hexes          | 1 2 |  2.8
Charms         | 1 2 |  2.8
Summonings     | 1 2 |  2.8
Necromancy     | 1 2 |  2.8
Translocations | 1 2 |  2.8
Transmutations | 1 2 |  2.8
Fire Magic     | 1 2 |  2.8
Air Magic      | 1 2 |  2.8
Earth Magic    | 1 2 |  2.8
Poison Magic   | 1 2 |  2.8
Dodging        | 5 |  5.8
Stealth        | 5 |  5.4
Ice Magic      | 6 |  6.2

Action                   |  1- 3 |  4- 6 |  7- 9 || total
-------------------------+-------+-------+-------++-------
Melee: Unarmed           |     3 |     4 |       ||     7
       Mace              |    14 |    17 |       ||    31
       Bite              |     4 |     3 |     6 ||    13
       Dagger            |       |     7 |       ||     7
       Rapier            |       |       |    67 ||    67
       Punch             |       |       |     1 ||     1
Throw: Javelin           |       |     7 |       ||     7
 Cast: Freeze            |    38 |    26 |    19 ||    83
       Throw Icicle      |       |     2 |     2 ||     4
       Throw Frost       |       |     2 |     2 ||     4
       Mephitic Cloud    |       |       |     5 ||     5
  Use: Scroll            |       |     4 |     1 ||     5
       Potion            |       |     1 |     4 ||     5
 Stab: Sleeping          |     6 |     5 |     9 ||    20
       Confused          |       |       |     3 ||     3
       Distracted        |       |       |     1 ||     1
  Eat: Chunk             |       |     1 |       ||     1
       Ration            |       |       |     1 ||     1
Armor: Robe              |     9 |     8 |     1 ||    18
       Skin              |       |     2 |       ||     2
Dodge: Dodged            |    26 |    23 |    43 ||    92

Table legend:
 A = Turns spent in this place as a percentage of turns spent in the entire game.
 B = Non-inter-level travel turns spent in this place as a percentage of non-inter-level travel turns spent in the entire game.
 C = Inter-level travel turns spent in this place as a percentage of turns spent in this place.
 D = Turns resting spent in this place as a percentage of non-inter-level travel turns spent in this place.
 E = Turns spent auto-exploring this place as a percentage of non-inter-level travel turns spent in this place.
 F = Non-inter-level travel turns spent in this place divided by the number of levels of this place that you've seen.
                   A       B       C       D       E      F
               +-------+-------+-------+-------+-------+----------------------
         Total | 100.0 | 100.0 |   1.7 |   0.0 |   0.0 | 200.3
       Dungeon |  97.7 |  97.7 |   1.7 |   0.0 |   0.0 | 217.3
        Temple |   2.3 |   2.3 |   0.0 |   0.0 |   0.0 |  47.0
               +-------+-------+-------+-------+-------+----------------------

Table legend:
 A = Kills in this place as a percentage of kills in entire the game.
 B = Kills by you in this place as a percentage of kills by you in the entire game.
 C = Kills by friends in this place as a percentage of kills by friends in the entire game.
 D = Other kills in this place as a percentage of other kills in the entire game.
 E = Experience gained in this place as a percentage of experience gained in the entire game.
 F = Experience gained in this place divided by the number of levels of this place that you have seen.
                   A       B       C       D       E      F
               +-------+-------+-------+-------+-------+----------------------
         Total | 100.0 | 100.0 |   N/A | 100.0 | 100.0 | 201.7
       Dungeon | 100.0 | 100.0 |   N/A | 100.0 | 100.0 | 224.1
               +-------+-------+-------+-------+-------+----------------------

Vault maps used:
D:1:      nzn_arrival_settlement, grunt_decor_resistance, minmay_misc_feat_chi,
          minmay_cut_off
D:2:      nicolae_overflow_hidden_temple, uniq_natasha
D:3:      uniq_grinder
D:4:      lemuel_upstairs_altar, nrook_mini_vaults, nicolae_ru_awakened_eye
D:5:      first_ration, kennysheep_generic_room_9, uniq_crazy_yiuf_cottage,
          uniq_eustachio
D:6:      lemuel_temple_firewalk_a, uniq_sigmund
D:7:      kennysheep_little_box, gammafunk_temple_overflow_elements,
          guppyfry_shop_venom
D:8:      minmay_cornered_nines, serial_shops, shop, grunt_livestock
D:9:      slow_altar_1, lemuel_crystal_altar, uniq_joseph
Temple:   nicolae_temple_great_sept
